 Dungeon Crawl Stone Soup version 0.31-a0-366-ga77b45bd9b (webtiles) character file.

Game seed: 1858755890439589030

36 Bnni the Shooter (level 3, 0/25 HPs)
             Began as an Octopode Hunter on July 28, 2023.
             Slain by Robin
             ... wielding a +0 trident
              (7 damage)
             ... on level 2 of the Dungeon.
             The game lasted 00:01:01 (1010 turns).

Bnni the Shooter (Octopode Hunter)                  Turns: 1010, Time: 00:01:01

Health: 0/25       AC:  1    Str: 10    XL:     3   Next: 37%
Magic:  3/3        EV: 13    Int: 11    God:
Gold:   44         SH:  0    Dex: 17    Spells: 2/2 levels left

rFire   . . .        a - +0 shortbow
rCold   . . .        (shield currently unavailable)
rNeg    . . .        (helmet restricted)
rPois   .            g - amulet of regeneration
rElec   .            (no ring)
rCorr   .            (no ring)
SInv    .            (no ring)
Will    .....        (no ring)
Stlth   +++          (no ring)
HPRegen 1.04/turn    (no ring)
MPRegen 0.08/turn    (no ring)
                     (no ring)

%: no passive effects
@: no status effects
A: almost no armour, amphibious, 8 rings, camouflage 1, gelatinous body 1,
(nimble swimmer 1), tentacles
a: no special abilities


You were on level 2 of the Dungeon.
You visited 1 branch of the dungeon, and saw 2 of its levels.

You collected 44 gold pieces.

Inventory:

Hand Weapons
 a - a +0 shortbow (weapon)
Jewellery
 g - an amulet of regeneration (around mantle)
Scrolls
 b - 2 scrolls of butterflies
 d - a scroll of poison {unknown}
 e - a scroll of vulnerability {unknown}
 h - a scroll of blinking {unknown}
Potions
 c - 2 potions of enlightenment {unknown}
 f - 2 potions of curing {unknown}


   Skills:
 + Level 2.6 Fighting
 * Level 4.7 Ranged Weapons
 - Level 2.0 Dodging
 - Level 1.3 Stealth


You had 2 spell levels left.
You didn't know any spells.
Your spell library was empty.

Dungeon Overview and Level Annotations

Branches:
Dungeon (2/15)

Altars:

Annotations:
D:2 Robin


Innate Abilities, Weirdness & Mutations

You cannot wear most types of armour.
You are amphibious.
You can wear up to eight rings at the same time.
Your skin changes colour to match your surroundings (Stealth+).
Your rubbery body absorbs attacks. (AC +1, EV +1)
((You are camouflaged when in or above water. (Stealth+)))
You have tentacles for arms and can constrict up to eight enemies at once.


Message History

Robin is lightly wounded.
You hear a shout!
Robin closely misses you.
You shoot an arrow. The arrow hits Robin.
Robin is moderately wounded.
Robin hits you from afar with a +0 trident. x2
You shoot an arrow.
The arrow hits Robin but does no damage.
Robin is moderately wounded.
Robin throws the goblin at you!
You shoot an arrow. The arrow completely misses the goblin.
The goblin hits you with a +0 club.
Robin hits you from afar with a +0 trident.
You shoot an arrow. The arrow closely misses the goblin.
The goblin no longer looks unusually strong.
The goblin hits you with a +0 club. Robin closely misses you.
You shoot an arrow. The arrow hits the goblin!
You kill the goblin!
Robin hits you from afar with a +0 trident.
* * * LOW HITPOINT WARNING * * *
Robin's horned helmet rattles.
You are too injured to fight recklessly!
Fire: a) +0 shortbow
Press: ? - help, Shift-Dir - straight line, f - Robin
Aim: Robin, wielding a +0 trident, wearing a +0 animal skin and wearing a +0 helmet (moderately wounded, 70% to hit)
You shoot an arrow. The arrow closely misses Robin.
Fire: a) +0 shortbow
Press: ? - help, Shift-Dir - straight line, f/p - Robin
Aim: Robin, wielding a +0 trident, wearing a +0 animal skin and wearing a +0 helmet (moderately wounded, 70% to hit)
You shoot an arrow. The arrow hits Robin.
Robin is heavily wounded.
Robin hits you from afar with a +0 trident.
* * * LOW HITPOINT WARNING * * *
Fire: a) +0 shortbow
Press: ? - help, Shift-Dir - straight line, f/p - Robin
Aim: Robin, wielding a +0 trident, wearing a +0 animal skin and wearing a +0 helmet (heavily wounded, 70% to hit)
You shoot an arrow. The arrow hits Robin!
Robin is almost dead.
Robin hits you from afar with a +0 trident!
You die...

#.# #.####
#...)# #.##.#
#†##.# #.##.# #
#.##.#
#.#####.##.###.#
#...)..g.@.....#
#.##.#####<###.#
#)# ###
#g).gg...
#.####### ..#
###


You could see Robin.

Vanquished Creatures
  A dart slug (D:1)
  2 ball pythons (D:1)
  2 bats (D:1)
  2 endoplasms (D:1)
  7 goblins
  3 hobgoblins
  4 kobolds (D:1)
  5 quokkas
  2 rats (D:1)
28 creatures vanquished.

Notes
Turn   | Place    | Note
-------+----------+-------------------------------------------
     0 | D:1      | Bnni the Octopode Hunter began the quest for the Orb.
     0 | D:1      | Reached XP level 1. HP: 14/14 MP: 1/1
   161 | D:1      | Reached XP level 2. HP: 19/19 MP: 2/2
   505 | D:1      | Reached XP level 3. HP: 25/25 MP: 3/3
   532 | D:1      | Found a faded altar of an unknown god.
   985 | D:2      | Noticed Robin
  1010 | D:2      | Slain by Robin

Illustrated notes

Levels and vault maps discovered:
D:1:      giann_wishing_wells, layout_loops_ring,
          shapermc_ecumenical_altar_ellora, serial_forest,
          infiniplex_forest_clump_small, infiniplex_forest_straight_2,
          infiniplex_forest_lined_room_3, infiniplex_forest_clump_double,
          infiniplex_forest_lined_corner, infiniplex_forest_zigzag_1,
          infiniplex_forest_straight_2, infiniplex_forest_lined_room_3,
          infiniplex_forest_clump_large
D:2:      layout_basic, minmay_misc_feat_x, kennysheep_generic_room_10,
          uniq_robin

Action                     || total
---------------------------++-------
   Fire: Shortbow          ||    71
  Dodge: Dodged            ||    25

Table legend: (Time is in decaauts)
 A = Elapsed time spent in this place.
 B = Non-inter-level travel time spent in this place.
 C = Inter-level travel time spent in this place.
 D = Time resting spent in this place.
 E = Time spent auto-exploring this place.
 F = Levels seen in this place.
 G = Mean time per level.
                   A        B        C        D        E       F      G
               +--------+--------+--------+--------+--------+-----+--------+
         Total |   1021 |    971 |     50 |      2 |    811 |   2 |  510.5 |
       Dungeon |   1021 |    971 |     50 |      2 |    811 |   2 |  510.5 |
               +--------+--------+--------+--------+--------+-----+--------+

Top non-repeatable levels by time:
     D:1: 982 daAuts
     D:2: 39 daAuts
